3144 views
Uploaded 2020-07-15 00:36:04
Game version 1.32.6 / 1.32.7
17:45 long 4on4 ladder game on (8)GolemsInTheMist_LV
Saved by Immortalsoul
3144 views
Uploaded 2020-07-15 00:36:04
Game version 1.32.6 / 1.32.7
17:45 long 4on4 ladder game on (8)GolemsInTheMist_LV


133 units @ 20.2k
/ 3.5k
69 buildings @ 11.9k
/ 5.4k



| Rod of Necromancy | 3 | 450 |
| Orb of Corruption | 1 | 375 |
| Scroll of Town Portal | 2 | 700 |
| Potion of Lesser Invulnerability | 1 | 150 |
| total: | 7 | 1675g |
| Acolyte | 7 | 525 | / | 0 |
| Ghoul | 2 | 240 | / | 0 |
| Crypt Fiend | 9 | 1935 | / | 360 |
| Frost Wyrm | 5 | 1925 | / | 600 |
| total: | 23 | 4625g | / | 960w |
| Graveyard | 1 | 215 | / | 0 |
| Crypt | 1 | 200 | / | 50 |
| Altar of Darkness | 1 | 180 | / | 50 |
| Ziggurat | 7 | 1050 | / | 350 |
| Tomb of Relics | 1 | 130 | / | 30 |
| Necropolis | 1 | 225 | / | 0 |
| Sacrificial Pit | 2 | 150 | / | 300 |
| Boneyard | 2 | 350 | / | 400 |
| Halls of the Dead | 1 | 320 | / | 210 |
| Black Citadel | 1 | 325 | / | 230 |
| total: | 16 | 2500g | / | 1180w |
| 0:02 | Acolyte |
| 0:02 | Acolyte |
| 0:06 | Graveyard |
| 0:08 | Crypt |
| 0:22 | Acolyte |
| 0:40 | Altar of Darkness |
| 0:47 | Ziggurat |
| 0:49 | Ziggurat |
| 1:11 | Ghoul |
| 1:32 | Tomb of Relics |
| 1:40 | Crypt Fiend |
| 1:58 | Ziggurat |
| 2:13 | Crypt Fiend |
| 2:39 | Rod of Necromancy |
| 2:40 | Death Coil |
| 2:51 | Crypt Fiend |
| 3:05 | Backpack |
| 3:12 | Unholy Aura |
| 3:18 | Ghoul |
| 3:54 | Halls of the Dead |
| 3:57 | Crypt Fiend |
| 4:31 | Ziggurat |
| 5:31 | Death Coil |
| 5:34 | Creature Attack |
| 6:16 | Black Citadel |
| 6:36 | Crypt Fiend |
| 6:39 | Scroll of Town Portal |
| 6:39 | Rod of Necromancy |
| 6:56 | Sacrificial Pit |
| 6:58 | Sacrificial Pit |
| 7:14 | Frost Nova |
| 7:32 | Ziggurat |
| 7:42 | Burrow |
| 7:48 | Rod of Necromancy |
| 8:04 | Improved Creature Attack |
| 8:30 | Unholy Aura |
| 8:38 | Boneyard |
| 8:51 | Boneyard |
| 9:13 | Web |
| 10:17 | Scroll of Town Portal |
| 10:31 | Frost Wyrm |
| 10:37 | Impale |
| 10:40 | Orb of Corruption |
| 11:32 | Dark Ritual |
| 12:00 | Frost Wyrm |
| 12:29 | Potion of Lesser Invulnerability |
| 12:30 | Frost Wyrm |
| 13:11 | Crypt Fiend |
| 13:22 | Crypt Fiend |
| 13:31 | Crypt Fiend |
| 13:34 | Creature Carapace |
| 14:14 | Crypt Fiend |
| 14:16 | Ziggurat |
| 14:16 | Acolyte |
| 14:24 | Spiked Carapace |
| 15:07 | Frost Wyrm |
| 15:08 | Acolyte |
| 15:17 | Frost Nova |
| 15:44 | Acolyte |
| 15:47 | Death Coil |
| 16:17 | Impale |
| 16:21 | Frost Wyrm |
| 16:41 | Acolyte |
| 17:19 | Necropolis |
| 17:21 | Ziggurat |
| Select group | 1427 |
| Right click | 1004 |
| Select | 596 |
| Misc. action | 243 |
| Build/train/purchase | 78 |
| Use ability | 56 |
| Assign group | 35 |
| Minimap ping | 6 |
| Item give/drop | 5 |
| Resource trade | 4 |
| Esc | 3 |


x1)
| Rod of Necromancy | 1 | 150 |
| Ritual Dagger | 1 | 125 |
| Orb of Corruption | 1 | 375 |
| Scroll of Healing | 1 | 250 |
| Tome of Retraining | 1 | 300 |
| total: | 5 | 1200g |
| Acolyte | 8 | 600 | / | 0 |
| Ghoul | 3 | 360 | / | 0 |
| Crypt Fiend | 5 | 1075 | / | 200 |
| Obsidian Statue | 3 | 600 | / | 105 |
| Abomination | 11 | 2640 | / | 770 |
| total: | 30 | 5275g | / | 1075w |
| Graveyard | 1 | 215 | / | 0 |
| Crypt | 1 | 200 | / | 50 |
| Altar of Darkness | 1 | 180 | / | 50 |
| Ziggurat | 6 | 900 | / | 300 |
| Tomb of Relics | 2 | 260 | / | 60 |
| Necropolis | 1 | 225 | / | 0 |
| Slaughterhouse | 3 | 420 | / | 405 |
| Halls of the Dead | 1 | 320 | / | 210 |
| Black Citadel | 1 | 325 | / | 230 |
| total: | 15 | 2400g | / | 865w |
| 0:01 | Acolyte |
| 0:01 | Acolyte |
| 0:06 | Graveyard |
| 0:17 | Crypt |
| 0:48 | Altar of Darkness |
| 0:56 | Ziggurat |
| 1:18 | Ghoul |
| 1:35 | Tomb of Relics |
| 1:36 | Tomb of Relics |
| 1:49 | Crypt Fiend |
| 2:00 | Ziggurat |
| 2:21 | Crypt Fiend |
| 2:54 | Crypt Fiend |
| 3:04 | Carrion Beetles |
| 3:05 | Rod of Necromancy |
| 3:18 | Crypt Fiend |
| 3:52 | Halls of the Dead |
| 4:00 | Ghoul |
| 4:32 | Ghoul |
| 4:33 | Ziggurat |
| 4:37 | Spiked Carapace |
| 5:00 | Ziggurat |
| 5:04 | Unholy Armor |
| 5:33 | Creature Attack |
| 5:35 | Carrion Beetles |
| 6:13 | Slaughterhouse |
| 6:15 | Slaughterhouse |
| 6:19 | Acolyte |
| 6:34 | Black Citadel |
| 6:56 | Ritual Dagger |
| 7:06 | Slaughterhouse |
| 7:14 | Sleep |
| 7:30 | Obsidian Statue |
| 8:28 | Spiked Carapace |
| 8:31 | Necropolis |
| 8:47 | Obsidian Statue |
| 8:59 | Acolyte |
| 9:31 | Disease Cloud |
| 10:02 | Acolyte |
| 10:02 | Acolyte |
| 10:03 | Acolyte |
| 10:03 | Acolyte |
| 10:49 | Orb of Corruption |
| 10:52 | Abomination |
| 11:07 | Web |
| 11:48 | Crypt Fiend |
| 11:49 | Abomination |
| 12:14 | Ziggurat |
| 12:14 | Ziggurat |
| 12:19 | Improved Unholy Armor |
| 13:18 | Tome of Retraining |
| 13:18 | Retrain Hero |
| 13:18 | Scroll of Healing |
| 13:22 | Impale |
| 13:23 | Spiked Carapace |
| 13:23 | Spiked Carapace |
| 13:31 | Abomination |
| 13:57 | Abomination |
| 14:09 | Abomination |
| 14:26 | Abomination |
| 14:31 | Vampiric Aura |
| 14:37 | Abomination |
| 14:58 | Abomination |
| 15:22 | Abomination |
| 15:36 | Abomination |
| 15:53 | Unholy Strength |
| 15:53 | Advanced Unholy Armor |
| 16:05 | Impale |
| 16:10 | Vampiric Aura |
| 16:20 | Obsidian Statue |
| 17:35 | Abomination |
| Select group | 960 |
| Right click | 579 |
| Misc. action | 396 |
| Select | 366 |
| Chat | 81 |
| Build/train/purchase | 80 |
| Assign group | 59 |
| Use ability | 25 |
| Minimap ping | 5 |
| Resource trade | 5 |
| Remove unit | 1 |



| Lesser Clarity Potion | 1 | 70 |
| Orb of Venom | 1 | 325 |
| Potion of Healing | 1 | 150 |
| Staff of Preservation | 1 | 150 |
| Scroll of Town Portal | 2 | 700 |
| total: | 6 | 1395g |
| Wisp | 19 | 1140 | / | 0 |
| Archer | 13 | 1690 | / | 130 |
| Druid of the Talon | 1 | 145 | / | 20 |
| Chimaera | 7 | 2310 | / | 490 |
| Goblin Shredder | 1 | 375 | / | 100 |
| total: | 41 | 5660g | / | 740w |
| Altar of Elders | 1 | 180 | / | 50 |
| Moon Well | 10 | 1800 | / | 400 |
| Ancient of War | 2 | 300 | / | 120 |
| Tree of Life | 2 | 680 | / | 370 |
| Hunter's Hall | 1 | 210 | / | 100 |
| Ancient of Wonders | 1 | 90 | / | 30 |
| Ancient of Wind | 3 | 450 | / | 420 |
| Chimaera Roost | 4 | 560 | / | 760 |
| Tree of Ages | 3 | 960 | / | 540 |
| Tree of Eternity | 1 | 330 | / | 200 |
| total: | 24 | 4270g | / | 2250w |
| 0:01 | Wisp |
| 0:02 | Wisp |
| 0:04 | Altar of Elders |
| 0:16 | Moon Well |
| 0:21 | Ancient of War |
| 0:30 | Wisp |
| 0:49 | Wisp |
| 0:56 | Wisp |
| 1:05 | Wisp |
| 1:25 | Wisp |
| 1:29 | Moon Well |
| 1:38 | Archer |
| 2:00 | Ancient of War |
| 2:07 | Archer |
| 2:07 | Archer |
| 2:08 | Force of Nature |
| 2:22 | Archer |
| 2:27 | Wisp |
| 2:51 | Archer |
| 2:51 | Wisp |
| 3:21 | Tree of Life |
| 3:31 | Wisp |
| 3:33 | Wisp |
| 4:00 | Tree of Ages |
| 4:21 | Archer |
| 4:31 | Hunter's Hall |
| 4:39 | Entangling Roots |
| 4:51 | Moon Well |
| 5:03 | Archer |
| 5:35 | Wisp |
| 5:35 | Wisp |
| 6:05 | Force of Nature |
| 6:30 | Tree of Eternity |
| 6:38 | Ancient of Wind |
| 6:52 | Archer |
| 6:56 | Wisp |
| 7:08 | Wisp |
| 7:10 | Archer |
| 7:31 | Trueshot Aura |
| 7:39 | Archer |
| 7:42 | Druid of the Talon |
| 7:43 | Archer |
| 8:07 | Ancient of Wind |
| 8:12 | Archer |
| 8:54 | Wisp |
| 8:56 | Wisp |
| 9:00 | Strength of the Wild |
| 9:14 | Archer |
| 9:19 | Marksmanship |
| 9:22 | Wisp |
| 9:47 | Chimaera Roost |
| 10:00 | Ancient of Wonders |
| 10:04 | Scroll of Town Portal |
| 10:06 | Lesser Clarity Potion |
| 10:10 | Mana Burn |
| 10:14 | Chimaera Roost |
| 10:27 | Orb of Venom |
| 10:27 | Potion of Healing |
| 10:41 | Moon Well |
| 10:44 | Moon Well |
| 10:46 | Moon Well |
| 10:59 | Wisp |
| 11:08 | Scroll of Town Portal |
| 11:08 | Staff of Preservation |
| 11:43 | Goblin Shredder |
| 12:01 | Chimaera |
| 12:18 | Chimaera |
| 12:32 | Improved Bows |
| 12:41 | Moon Well |
| 13:12 | Chimaera |
| 13:33 | Moon Well |
| 13:50 | Chimaera |
| 13:52 | Improved Strength of the Wild |
| 13:52 | Advanced Strength of the Wild |
| 14:11 | Chimaera |
| 14:37 | Searing Arrows |
| 14:48 | Evasion |
| 14:52 | Chimaera |
| 14:55 | Entangling Roots |
| 15:36 | Reinforced Hides |
| 15:38 | Moon Well |
| 16:16 | Corrosive Breath |
| 16:23 | Chimaera Roost |
| 16:25 | Tree of Life |
| 16:28 | Chimaera Roost |
| 16:29 | Ancient of Wind |
| 16:56 | Chimaera |
| 17:18 | Trueshot Aura |
| 17:28 | Evasion |
| 17:40 | Moon Well |
| Select group | 915 |
| Right click | 853 |
| Select | 379 |
| Misc. action | 170 |
| Build/train/purchase | 83 |
| Use ability | 56 |
| Assign group | 43 |
| Minimap ping | 9 |
| Resource trade | 4 |
| Chat | 4 |
| Item give/drop | 2 |
| Esc | 2 |


| Staff of Preservation | 2 | 300 |
| Lesser Clarity Potion | 1 | 70 |
| Potion of Healing | 1 | 150 |
| Scroll of Town Portal | 1 | 350 |
| Scroll of Healing | 2 | 500 |
| Potion of Lesser Invulnerability | 1 | 150 |
| total: | 8 | 1520g |
| Wisp | 25 | 1500 | / | 0 |
| Archer | 8 | 1040 | / | 80 |
| Mountain Giant | 5 | 1750 | / | 500 |
| Goblin Shredder | 1 | 375 | / | 100 |
| total: | 39 | 4665g | / | 680w |
| Altar of Elders | 1 | 180 | / | 50 |
| Moon Well | 6 | 1080 | / | 240 |
| Ancient of War | 1 | 150 | / | 60 |
| Hunter's Hall | 1 | 210 | / | 100 |
| Ancient of Wonders | 1 | 90 | / | 30 |
| Tree of Life | 2 | 680 | / | 370 |
| Ancient of Lore | 2 | 310 | / | 290 |
| Tree of Ages | 2 | 640 | / | 360 |
| Tree of Eternity | 1 | 330 | / | 200 |
| total: | 14 | 2700g | / | 1140w |
| 0:01 | Wisp |
| 0:02 | Wisp |
| 0:05 | Altar of Elders |
| 0:15 | Moon Well |
| 0:18 | Ancient of War |
| 0:22 | Wisp |
| 0:22 | Wisp |
| 0:34 | Wisp |
| 0:35 | Wisp |
| 0:50 | Wisp |
| 1:03 | Wisp |
| 1:12 | Wisp |
| 1:26 | Archer |
| 1:39 | Moon Well |
| 1:44 | Wisp |
| 2:09 | Searing Arrows |
| 2:15 | Wisp |
| 2:16 | Wisp |
| 2:48 | Wisp |
| 2:48 | Wisp |
| 2:51 | Moon Well |
| 2:55 | Trueshot Aura |
| 3:04 | Archer |
| 3:19 | Tree of Ages |
| 3:28 | Archer |
| 3:53 | Archer |
| 4:17 | Archer |
| 4:34 | Archer |
| 4:55 | Archer |
| 5:13 | Trueshot Aura |
| 5:15 | Goblin Shredder |
| 5:19 | Hunter's Hall |
| 6:04 | Archer |
| 6:07 | Tree of Eternity |
| 6:48 | Ancient of Lore |
| 6:58 | Silence |
| 7:02 | Ancient of Lore |
| 7:06 | Ancient of Wonders |
| 7:10 | Moon Well |
| 7:17 | Improved Bows |
| 7:41 | Reinforced Hides |
| 8:23 | Mountain Giant |
| 8:34 | Hardened Skin |
| 8:40 | Scroll of Town Portal |
| 8:54 | Staff of Preservation |
| 9:07 | Marksmanship |
| 9:33 | Mountain Giant |
| 9:33 | Mountain Giant |
| 9:54 | Well Spring |
| 10:12 | Resistant Skin |
| 10:24 | Scroll of Healing |
| 10:26 | Potion of Lesser Invulnerability |
| 11:03 | Moon Well |
| 11:50 | Searing Arrows |
| 11:55 | Wisp |
| 11:55 | Wisp |
| 11:57 | Wisp |
| 11:58 | Mountain Giant |
| 12:20 | Improved Reinforced Hides |
| 12:24 | Scroll of Healing |
| 12:38 | Wisp |
| 12:38 | Wisp |
| 12:38 | Wisp |
| 12:38 | Wisp |
| 13:30 | Black Arrow |
| 13:32 | Wisp |
| 13:32 | Wisp |
| 13:59 | Mountain Giant |
| 14:17 | Moon Well |
| 14:52 | Advanced Reinforced Hides |
| 15:31 | Black Arrow |
| 15:53 | Staff of Preservation |
| 15:55 | Lesser Clarity Potion |
| 15:57 | Potion of Healing |
| 16:38 | Tree of Life |
| 16:44 | Wisp |
| 16:44 | Wisp |
| 17:12 | Trueshot Aura |
| 17:31 | Tree of Life |
| Right click | 862 |
| Select group | 448 |
| Select | 404 |
| Chat | 256 |
| Assign group | 130 |
| Build/train/purchase | 126 |
| Misc. action | 104 |
| Use ability | 55 |
| Minimap ping | 8 |
| Resource trade | 8 |
| Item give/drop | 4 |
| Esc | 3 |
167 units @ 22.5k
/ 3.2k
57 buildings @ 9k
/ 4k


| Scroll of Regeneration | 2 | 200 |
| Lesser Clarity Potion | 1 | 70 |
| Potion of Healing | 2 | 300 |
| Scroll of Town Portal | 3 | 1050 |
| Rod of Necromancy | 3 | 450 |
| total: | 11 | 2070g |
| Peasant | 22 | 1650 | / | 0 |
| Rifleman | 12 | 2460 | / | 360 |
| Mortar Team | 11 | 1980 | / | 770 |
| Flying Machine | 1 | 100 | / | 30 |
| Goblin Shredder | 1 | 375 | / | 100 |
| total: | 47 | 6565g | / | 1260w |
| Farm | 7 | 560 | / | 140 |
| Altar of Kings | 1 | 180 | / | 50 |
| Blacksmith | 1 | 140 | / | 60 |
| Barracks | 1 | 160 | / | 60 |
| Town Hall | 1 | 385 | / | 205 |
| Arcane Vault | 1 | 130 | / | 30 |
| Workshop | 2 | 280 | / | 280 |
| Keep | 1 | 320 | / | 210 |
| Castle | 1 | 360 | / | 210 |
| total: | 14 | 1835g | / | 825w |
| 0:04 | Peasant |
| 0:04 | Peasant |
| 0:15 | Peasant |
| 0:20 | Farm |
| 0:25 | Altar of Kings |
| 0:27 | Peasant |
| 0:42 | Peasant |
| 0:51 | Peasant |
| 0:57 | Blacksmith |
| 1:02 | Barracks |
| 1:07 | Peasant |
| 1:20 | Peasant |
| 1:27 | Peasant |
| 1:41 | Farm |
| 1:51 | Peasant |
| 1:59 | Peasant |
| 2:19 | Rifleman |
| 2:21 | Farm |
| 2:26 | Peasant |
| 2:35 | Flame Strike |
| 2:56 | Farm |
| 2:57 | Rifleman |
| 3:04 | Peasant |
| 3:38 | Rifleman |
| 3:55 | Siphon Mana |
| 4:01 | Rifleman |
| 4:16 | Farm |
| 4:26 | Rifleman |
| 4:28 | Keep |
| 4:44 | Black Gunpowder |
| 5:15 | Town Hall |
| 5:28 | Farm |
| 5:55 | Flame Strike |
| 6:04 | Rifleman |
| 6:05 | Arcane Vault |
| 6:25 | Rod of Necromancy |
| 6:32 | Studded Leather Armor |
| 7:04 | Workshop |
| 7:18 | Peasant |
| 7:18 | Peasant |
| 7:18 | Peasant |
| 7:23 | Goblin Shredder |
| 7:35 | Peasant |
| 7:36 | Peasant |
| 7:41 | Farm |
| 8:20 | Mortar Team |
| 8:22 | Workshop |
| 8:29 | Rifleman |
| 8:50 | Mortar Team |
| 9:12 | Scroll of Regeneration |
| 9:15 | Scroll of Town Portal |
| 9:19 | Mortar Team |
| 9:42 | Flare |
| 9:43 | Mortar Team |
| 10:29 | Mortar Team |
| 10:41 | Rifleman |
| 10:46 | Mortar Team |
| 11:34 | Siphon Mana |
| 11:40 | Mortar Team |
| 11:40 | Castle |
| 12:08 | Rifleman |
| 12:10 | Scroll of Regeneration |
| 12:21 | Lesser Clarity Potion |
| 12:22 | Scroll of Town Portal |
| 12:33 | Mortar Team |
| 12:37 | Rifleman |
| 12:57 | Holy Light |
| 13:21 | Mortar Team |
| 13:22 | Rifleman |
| 14:09 | Rifleman |
| 14:10 | Fragmentation Shards |
| 14:11 | Mortar Team |
| 14:19 | Rod of Necromancy |
| 14:42 | Mortar Team |
| 14:58 | Flying Machine |
| 15:01 | Potion of Healing |
| 15:02 | Potion of Healing |
| 16:06 | Rod of Necromancy |
| 16:32 | Scroll of Town Portal |
| 17:20 | Peasant |
| 17:20 | Peasant |
| 17:20 | Peasant |
| 17:20 | Peasant |
| Right click | 734 |
| Select | 569 |
| Select group | 447 |
| Misc. action | 206 |
| Build/train/purchase | 99 |
| Assign group | 57 |
| Use ability | 46 |
| Resource trade | 41 |
| Esc | 13 |
| Item give/drop | 4 |
| Minimap ping | 1 |


| Lesser Clarity Potion | 2 | 140 |
| Potion of Healing | 2 | 300 |
| Potion of Mana | 1 | 200 |
| Scroll of Town Portal | 1 | 350 |
| total: | 6 | 990g |
| Wisp | 25 | 1500 | / | 0 |
| Archer | 17 | 2210 | / | 170 |
| Hippogryph | 10 | 1600 | / | 200 |
| Chimaera | 2 | 660 | / | 140 |
| total: | 54 | 5970g | / | 510w |
| Ancient Protector | 2 | 270 | / | 160 |
| Altar of Elders | 1 | 180 | / | 50 |
| Moon Well | 7 | 1260 | / | 280 |
| Ancient of War | 1 | 150 | / | 60 |
| Ancient of Wonders | 1 | 90 | / | 30 |
| Hunter's Hall | 1 | 210 | / | 100 |
| Tree of Life | 1 | 340 | / | 185 |
| Ancient of Wind | 2 | 300 | / | 280 |
| Chimaera Roost | 2 | 280 | / | 380 |
| Tree of Ages | 1 | 320 | / | 180 |
| Tree of Eternity | 1 | 330 | / | 200 |
| total: | 18 | 3080g | / | 1525w |
| 0:01 | Wisp |
| 0:04 | Altar of Elders |
| 0:06 | Moon Well |
| 0:17 | Ancient of War |
| 0:24 | Wisp |
| 0:35 | Wisp |
| 0:47 | Wisp |
| 1:01 | Wisp |
| 1:19 | Archer |
| 1:32 | Moon Well |
| 1:38 | Archer |
| 1:48 | Ancient of Wonders |
| 2:00 | Archer |
| 2:04 | Force of Nature |
| 2:07 | Wisp |
| 2:30 | Wisp |
| 2:30 | Wisp |
| 2:31 | Archer |
| 2:51 | Archer |
| 2:52 | Wisp |
| 3:03 | Archer |
| 3:06 | Wisp |
| 3:28 | Entangling Roots |
| 3:36 | Tree of Ages |
| 4:04 | Moon Well |
| 4:07 | Moon Well |
| 4:14 | Hunter's Hall |
| 5:04 | Tree of Life |
| 5:17 | Lesser Clarity Potion |
| 5:17 | Lesser Clarity Potion |
| 5:27 | Archer |
| 5:27 | Archer |
| 5:58 | Force of Nature |
| 6:48 | Archer |
| 6:51 | Ancient of Wind |
| 6:51 | Ancient of Wind |
| 7:20 | Wisp |
| 7:20 | Wisp |
| 7:24 | Moon Well |
| 7:34 | Wisp |
| 7:34 | Wisp |
| 8:00 | Hippogryph |
| 8:02 | Hippogryph |
| 8:26 | Wisp |
| 8:26 | Wisp |
| 8:26 | Wisp |
| 8:35 | Searing Arrows |
| 8:39 | Hippogryph |
| 9:06 | Hippogryph |
| 9:16 | Ancient Protector |
| 9:21 | Ancient Protector |
| 9:24 | Hippogryph |
| 9:28 | Improved Bows |
| 9:55 | Wisp |
| 9:55 | Wisp |
| 9:56 | Wisp |
| 9:56 | Wisp |
| 10:03 | Wisp |
| 10:03 | Wisp |
| 10:04 | Wisp |
| 10:04 | Wisp |
| 10:05 | Strength of the Moon |
| 10:05 | Moon Armor |
| 10:41 | Hippogryph |
| 10:46 | Moon Well |
| 12:02 | Archer |
| 12:03 | Hippogryph |
| 12:07 | Potion of Healing |
| 12:08 | Potion of Mana |
| 12:12 | Improved Strength of the Moon |
| 12:13 | Improved Moon Armor |
| 12:15 | Tree of Eternity |
| 12:23 | Advanced Moon Armor |
| 12:50 | Scroll of Town Portal |
| 13:39 | Potion of Healing |
| 13:51 | Archer |
| 13:51 | Archer |
| 13:53 | Hippogryph |
| 13:53 | Hippogryph |
| 14:03 | Archer |
| 14:39 | Archer |
| 14:39 | Archer |
| 15:45 | Chimaera Roost |
| 15:48 | Chimaera Roost |
| 15:49 | Advanced Strength of the Moon |
| 16:44 | Trueshot Aura |
| 16:54 | Archer |
| 16:54 | Archer |
| 16:57 | Hippogryph |
| 17:07 | Chimaera |
| 17:14 | Chimaera |
| 17:28 | Moon Well |
| Right click | 837 |
| Select group | 404 |
| Select | 277 |
| Build/train/purchase | 97 |
| Assign group | 43 |
| Use ability | 31 |
| Misc. action | 10 |
| Item give/drop | 2 |
| Esc | 1 |
| Minimap ping | 1 |


| Rod of Necromancy | 1 | 150 |
| Orb of Corruption | 1 | 375 |
| Scroll of Town Portal | 4 | 1400 |
| total: | 6 | 1925g |
| Acolyte | 2 | 150 | / | 0 |
| Ghoul | 3 | 360 | / | 0 |
| Crypt Fiend | 15 | 3225 | / | 600 |
| Obsidian Statue | 7 | 1400 | / | 245 |
| total: | 27 | 5135g | / | 845w |
| Spirit Tower | 2 | 290 | / | 80 |
| Nerubian Tower | 1 | 100 | / | 20 |
| Graveyard | 2 | 430 | / | 0 |
| Crypt | 2 | 400 | / | 100 |
| Altar of Darkness | 1 | 180 | / | 50 |
| Ziggurat | 5 | 750 | / | 250 |
| Tomb of Relics | 1 | 130 | / | 30 |
| Slaughterhouse | 1 | 140 | / | 135 |
| Sacrificial Pit | 1 | 75 | / | 150 |
| Boneyard | 2 | 350 | / | 400 |
| Halls of the Dead | 1 | 320 | / | 210 |
| Black Citadel | 1 | 325 | / | 230 |
| total: | 15 | 2455g | / | 1115w |
| 0:02 | Acolyte |
| 0:10 | Graveyard |
| 0:11 | Graveyard |
| 0:12 | Crypt |
| 0:14 | Crypt |
| 0:15 | Acolyte |
| 0:39 | Altar of Darkness |
| 0:55 | Ziggurat |
| 1:15 | Ghoul |
| 1:25 | Tomb of Relics |
| 1:47 | Crypt Fiend |
| 2:01 | Ziggurat |
| 2:21 | Crypt Fiend |
| 2:21 | Crypt Fiend |
| 2:42 | Rod of Necromancy |
| 2:44 | Death Coil |
| 2:57 | Crypt Fiend |
| 3:10 | Ghoul |
| 3:28 | Halls of the Dead |
| 3:55 | Crypt Fiend |
| 3:59 | Ghoul |
| 4:09 | Crypt Fiend |
| 4:53 | Ziggurat |
| 4:57 | Ziggurat |
| 5:21 | Creature Attack |
| 5:39 | Unholy Aura |
| 6:28 | Crypt Fiend |
| 6:30 | Black Citadel |
| 6:50 | Crypt Fiend |
| 7:10 | Crypt Fiend |
| 7:27 | Frost Nova |
| 7:30 | Slaughterhouse |
| 7:55 | Web |
| 8:24 | Crypt Fiend |
| 9:18 | Scroll of Town Portal |
| 9:19 | Orb of Corruption |
| 9:33 | Obsidian Statue |
| 9:57 | Obsidian Statue |
| 9:57 | Destroyer Form |
| 10:26 | Scroll of Town Portal |
| 10:55 | Improved Creature Attack |
| 10:56 | Burrow |
| 12:02 | Scroll of Town Portal |
| 12:08 | Obsidian Statue |
| 12:08 | Obsidian Statue |
| 12:33 | Sacrificial Pit |
| 12:49 | Crypt Fiend |
| 13:20 | Death Coil |
| 13:58 | Crypt Fiend |
| 13:58 | Crypt Fiend |
| 13:58 | Obsidian Statue |
| 13:58 | Obsidian Statue |
| 14:46 | Frost Armor |
| 14:57 | Obsidian Statue |
| 15:01 | Crypt Fiend |
| 15:49 | Crypt Fiend |
| 15:52 | Boneyard |
| 15:54 | Boneyard |
| 16:22 | Advanced Creature Attack |
| 16:22 | Creature Carapace |
| 16:24 | Ziggurat |
| 16:28 | Spirit Tower |
| 16:29 | Spirit Tower |
| 16:30 | Nerubian Tower |
| 17:00 | Scroll of Town Portal |
| Right click | 673 |
| Assign group | 479 |
| Select | 308 |
| Select group | 300 |
| Misc. action | 207 |
| Build/train/purchase | 74 |
| Use ability | 38 |
| Minimap ping | 11 |
| Chat | 4 |
| Esc | 3 |
| Item give/drop | 1 |

| Healing Salve | 3 | 300 |
| Lesser Clarity Potion | 3 | 210 |
| Scroll of Town Portal | 2 | 700 |
| total: | 8 | 1210g |
| Peon | 9 | 675 | / | 0 |
| Troll Headhunter | 19 | 2660 | / | 380 |
| Shaman | 4 | 520 | / | 80 |
| Troll Berserker | 7 | 980 | / | 140 |
| total: | 39 | 4835g | / | 600w |
| Altar of Storms | 1 | 180 | / | 50 |
| Orc Burrow | 4 | 640 | / | 160 |
| War Mill | 1 | 205 | / | 0 |
| Barracks | 2 | 360 | / | 100 |
| Voodoo Lounge | 1 | 130 | / | 30 |
| Spirit Lodge | 1 | 150 | / | 150 |
| Stronghold | 1 | 315 | / | 190 |
| Fortress | 1 | 325 | / | 190 |
| total: | 10 | 1665g | / | 490w |
| 0:02 | Peon |
| 0:02 | Peon |
| 0:05 | Peon |
| 0:18 | Altar of Storms |
| 0:33 | Orc Burrow |
| 0:38 | Peon |
| 0:49 | War Mill |
| 0:56 | Peon |
| 1:06 | Barracks |
| 1:26 | Peon |
| 1:41 | Orc Burrow |
| 2:07 | Troll Headhunter |
| 2:07 | Troll Headhunter |
| 2:12 | Voodoo Lounge |
| 2:24 | War Stomp |
| 2:35 | Troll Headhunter |
| 2:59 | Barracks |
| 3:01 | Orc Burrow |
| 3:11 | Troll Headhunter |
| 3:48 | Endurance Aura |
| 3:49 | Troll Headhunter |
| 3:52 | Peon |
| 3:52 | Peon |
| 3:57 | Peon |
| 3:59 | Troll Headhunter |
| 4:11 | Troll Headhunter |
| 4:25 | Troll Headhunter |
| 4:28 | Steel Ranged Weapons |
| 4:53 | Stronghold |
| 5:20 | Troll Headhunter |
| 5:35 | Orc Burrow |
| 6:13 | Troll Headhunter |
| 6:35 | Troll Headhunter |
| 6:47 | Troll Headhunter |
| 7:04 | Troll Headhunter |
| 7:29 | Troll Headhunter |
| 7:32 | Spirit Lodge |
| 8:09 | Troll Headhunter |
| 8:17 | Troll Headhunter |
| 8:37 | Healing Salve |
| 8:38 | Lesser Clarity Potion |
| 8:47 | Shaman Adept Training |
| 9:08 | Fortress |
| 9:23 | Troll Headhunter |
| 9:54 | Troll Headhunter |
| 9:59 | Reinforced Defenses |
| 10:34 | Scroll of Town Portal |
| 10:49 | Troll Headhunter |
| 11:28 | Endurance Aura |
| 11:54 | Shaman Master Training |
| 11:55 | Berserker Upgrade |
| 12:00 | Scroll of Town Portal |
| 12:01 | Lesser Clarity Potion |
| 12:04 | Healing Salve |
| 12:29 | Healing Salve |
| 13:15 | Shaman |
| 13:15 | Shaman |
| 13:16 | Troll Berserker |
| 14:16 | Troll Berserker |
| 14:17 | Shaman |
| 14:34 | Lesser Clarity Potion |
| 14:41 | Shaman |
| 14:42 | Troll Berserker |
| 16:24 | Troll Berserker |
| 16:24 | Troll Berserker |
| 16:25 | Troll Berserker |
| 16:25 | Troll Berserker |
| Right click | 755 |
| Select group | 627 |
| Select | 143 |
| Build/train/purchase | 78 |
| Assign group | 48 |
| Chat | 31 |
| Use ability | 16 |
| Resource trade | 4 |
| Item give/drop | 3 |
| Esc | 3 |
| Minimap ping | 2 |
⇛